 Dungeon Sprint DCSS version 0.21.0-24-g2553a33 (webtiles) character file.

8000000 letownia2 the Axe Maniac (level 27, -8/249 HPs)
             Began as a Demonspawn Fighter on Jan 21, 2018.
             Was the Champion of Makhleb.
             Killed from afar by a large bag of meat (11 damage)
             ... with an exploding inner flame
             ... in the Dungeon (Sprint VIII: "Arena of Blood").
             The game lasted 00:02:05 (80 turns).

letownia2 the Axe Maniac (Demonspawn Fighter)         Turns: 80, Time: 00:02:05

Health: -8/249     AC: 13    Str: 18    XL:     27
Magic:  33/54      EV: 32    Int: 12    God:    Makhleb [******]
Gold:   0          SH:  0    Dex: 22    Spells: 80/80 levels left

rFire    + + .     SeeInvis +   l - +∞ Axe of Woe
rCold    . . .     Gourm    .   (shield currently unavailable)
rNeg     . . .     Faith    .   b - +0 scale mail
rPois    .         Spirit   .   (helmet unavailable)
rElec    .         Reflect  .   (no cloak)
rCorr    .         Harm     .   (gloves unavailable)
MR       ++...     NoTele   +   (boots unavailable)
Stlth    ++++++++++             (no amulet)
HPRegen  0.51/turn              m - ring of protection from fire
MPRegen  0.34/turn              (no ring)

@: no status effects
A: antennae 3, claws 3, talons 3, fire resistance 1, ignite blood, nightstalker
3, augmentation 3, flame cloud immunity
a: Minor Destruction, Lesser Servant of Makhleb, Major Destruction, Greater
Servant of Makhleb, Renounce Religion


You were in the Dungeon.
You worshipped Makhleb.
Makhleb was exalted by your worship.
You were not hungry.

You visited 1 branch

Inventory:

Hand Weapons
 a - a +0 war axe
 l - the +∞ Axe of Woe (weapon)
   (You found it in the Dungeon)
Armour
 b - a +0 scale mail (worn)
 c - a +0 shield
Jewellery
 m - a ring of protection from fire (left claw)
Scrolls
 k - a scroll of blinking
Potions
 d - a potion of might
 e - a potion of curing
 g - a potion of heal wounds
 h - a potion of haste
 i - 2 potions of magic
 j - a potion of berserk rage
Comestibles
 f - a ration


   Skills:
 O Level 27 Fighting
 O Level 27 Axes
 O Level 27 Throwing
 O Level 27 Armour
 O Level 27 Dodging
 O Level 27 Stealth
 O Level 27 Shields
 O Level 27 Unarmed Combat
 O Level 27 Spellcasting
 O Level 27 Invocations


You had 80 spell levels left.
You didn't know any spells.

Dungeon Overview and Level Annotations

Branches:
Dungeon (1/1)

Altars:
Makhleb


Innate Abilities, Weirdness & Mutations

You have a pair of large antennae on your head. (SInv)
You have claws for hands.
You have claws for feet.
Your flesh is heat resistant. (rF+)
Your demonic aura causes spilled blood to erupt in flames.
You are completely attuned to the shadows.
Your magical and physical power is greatly enhanced at high health.
You are immune to clouds of flame.


Message History

You hear a shout! x2
The meat berserker rages.
You hear a shout! x7
The large bag of meat hits you with a +9 giant spiked club!!!!
* * * LOW HITPOINT WARNING * * *
The large bag of meat hits you with a +9 giant spiked club!!!
* * * LOW HITPOINT WARNING * * *
A bag of meat comes into view. It is wielding a +9 war axe.
Unknown command.
Unknown command.
Unknown command.
Unknown command.
Unknown command.
You hit the large bag of meat.
You pulverise the large bag of meat into a thin bloody mist.
The large bag of meat explodes!
The fiery explosion engulfs the meat berserker.
The fiery explosion engulfs the bag of meat.
The fiery explosion engulfs you! You resist.
You die... {{ {{{{

{ o#......#
{oVo.....# .. {
o#.o....# .#
{{.VO§§§..# .#
{{{.##§@§..# .###.
..{..oo§§§..# .....
.....###.§§§.#
................§W..#
#..%%.§.#.#..).)§)..#
#........)))..))....#
#......#§#)#).)...).#
.).))§§))†))........#
...)§§V§#.#.#..#....#


You could see 2 destroyers, a wretched soul (invisible), a meat berserker
(berserk) and 7 bags of meat.

Vanquished Creatures
  A hell beast (D)
  2 greater mummies (D)
  Harold (D)
  5 vampire knights (D)
  11 ogres (D)
  2 two-headed ogres (D)
  A lich (D)
  A hydra (D)
  25 orcs (D)
  A skeletal warrior (D)
  A small abomination (D)
51 creatures vanquished.

Notes
Turn   | Place    | Note
-------+----------+-------------------------------------------
     0 | D        | Found the +∞ Axe of Woe
     0 | D        | letownia2 the Demonspawn Fighter began the quest for the Orb.
     0 | D        | Reached XP level 1. HP: 18/18 MP: 1/1
     3 | D        | Noticed a bag of meat
     4 | D        | Noticed a bag of meat
     5 | D        | Noticed a bag of meat
     9 | D        | Became a worshipper of Makhleb the Destroyer
    10 | D        | Noticed a bag of meat
    10 | D        | Noticed a bag of meat
    11 | D        | Killed a bag of meat
    11 | D        | Gained mutation: You are slightly more attuned to the shadows. [demonic ancestry]
    11 | D        | Reached XP level 2. HP: 43/43 MP: 2/2
    11 | D        | Gained mutation: You have sharp fingernails. [demonic ancestry]
    11 | D        | Reached XP level 3. HP: 49/49 MP: 3/3
    11 | D        | Gained mutation: You are significantly more attuned to the shadows. [demonic ancestry]
    11 | D        | Reached XP level 4. HP: 56/56 MP: 4/4
    11 | D        | Gained mutation: You have sharp toenails. [demonic ancestry]
    11 | D        | Reached XP level 5. HP: 62/62 MP: 5/5
    11 | D        | Gained mutation: You are completely attuned to the shadows. [demonic ancestry]
    11 | D        | Reached XP level 6. HP: 69/69 MP: 6/6
    11 | D        | Gained mutation: You have very sharp fingernails. [demonic ancestry]
    11 | D        | Reached XP level 7. HP: 75/75 MP: 7/7
    11 | D        | Reached XP level 8. HP: 82/82 MP: 8/8
    11 | D        | Reached XP level 9. HP: 88/88 MP: 9/9
    11 | D        | Reached XP level 10. HP: 95/95 MP: 10/10
    11 | D        | Reached XP level 11. HP: 101/101 MP: 11/11
    12 | D        | Killed a bag of meat
    12 | D        | Reached * piety under Makhleb
    12 | D        | Reached skill level 15 in Dodging
    12 | D        | Reached XP level 12. HP: 113/113 MP: 12/12
    12 | D        | Killed a bag of meat
    12 | D        | Gained mutation: You have a pair of small antennae on your head. [demonic ancestry]
    12 | D        | Reached XP level 13. HP: 122/122 MP: 13/13
    13 | D        | Noticed a meat berserker
    13 | D        | Noticed a meat berserker
    13 | D        | Killed a meat berserker
    13 | D        | Gained mutation: Your flesh is heat resistant. (rF+) [demonic ancestry]
    13 | D        | Reached XP level 14. HP: 136/136 MP: 14/14
    13 | D        | Killed a bag of meat
    13 | D        | Reached ** piety under Makhleb
    13 | D        | Gained mutation: You have claws for hands. [demonic ancestry]
    13 | D        | Reached XP level 15. HP: 144/144 MP: 15/15
    14 | D        | Noticed a meat berserker
    15 | D        | Killed a meat berserker
    15 | D        | Reached skill level 27 in Axes
    15 | D        | Killed a meat berserker
    15 | D        | Gained mutation: You have razor-sharp toenails. [demonic ancestry]
    15 | D        | Reached XP level 16. HP: 164/164 MP: 16/16
    18 | D        | Noticed a meat berserker
    20 | D        | Noticed a meat berserker
    20 | D        | Killed a meat berserker
    20 | D        | Reached *** piety under Makhleb
    20 | D        | Reached skill level 27 in Fighting
    20 | D        | Reached skill level 27 in Dodging
    20 | D        | Gained mutation: You have a pair of antennae on your head. [demonic ancestry]
    20 | D        | Reached XP level 17. HP: 174/174 MP: 17/17
    21 | D        | Reached skill level 15 in Armour
    22 | D        | Noticed a meat berserker
    22 | D        | Noticed a large bag of meat
    23 | D        | Killed a meat berserker
    23 | D        | Reached **** piety under Makhleb
    23 | D        | Gained mutation: You have claws for feet. [demonic ancestry]
    23 | D        | Reached XP level 18. HP: 182/182 MP: 18/18
    23 | D        | Reached skill level 27 in Armour
    24 | D        | Killed a meat berserker
    24 | D        | Reached ***** piety under Makhleb
    24 | D        | Reached skill level 10 in Stealth
    24 | D        | Reached skill level 10 in Shields
    24 | D        | Gained mutation: You have a pair of large antennae on your head. (SInv) [demonic ancestry]
    24 | D        | Reached XP level 19. HP: 189/189 MP: 18/32
    25 | D        | Noticed a large bag of meat
    26 | D        | Noticed a meat berserker
    26 | D        | Killed a large bag of meat
    28 | D        | Killed a meat berserker
    28 | D        | Reached skill level 15 in Throwing
    28 | D        | Reached skill level 15 in Shields
    28 | D        | Reached skill level 15 in Unarmed Combat
    28 | D        | Reached skill level 15 in Spellcasting
    28 | D        | Gained mutation: Your magical and physical power is slightly enhanced at high health. [demonic ancestry]
    28 | D        | Reached XP level 20. HP: 197/197 MP: 18/39
    31 | D        | Killed a large bag of meat
    33 | D        | Noticed an eight-headed meat hydra
    33 | D        | Noticed a meat berserker
    35 | D        | Killed a nine-headed meat hydra
    35 | D        | Reached ****** piety under Makhleb
    36 | D        | Noticed a destroyer
    36 | D        | Noticed The Servant
    37 | D        | Reached XP level 21. HP: 168/204 MP: 20/44
    39 | D        | Reached skill level 27 in Invocations
    40 | D        | Noticed a destroyer
    40 | D        | Noticed a destroyer
    41 | D        | Killed The Servant
    41 | D        | Gained mutation: Your magical and physical power is enhanced at high health. [demonic ancestry]
    41 | D        | Reached XP level 22. HP: 153/212 MP: 21/48
    43 | D        | Killed a destroyer
    43 | D        | Reached skill level 27 in Stealth
    44 | D        | Noticed a destroyer
    45 | D        | Killed a destroyer
    45 | D        | Gained mutation: You are immune to clouds of flame. [demonic ancestry]
    45 | D        | Reached XP level 23. HP: 193/219 MP: 22/53
    45 | D        | Reached skill level 27 in Throwing
    45 | D        | Reached skill level 27 in Shields
    45 | D        | Reached skill level 27 in Unarmed Combat
    45 | D        | Reached skill level 27 in Spellcasting
    46 | D        | Killed a destroyer
    47 | D        | Noticed a destroyer
    48 | D        | Killed a destroyer
    49 | D        | Killed a destroyer
    49 | D        | Gained mutation: Your demonic aura causes spilled blood to erupt in flames. [demonic ancestry]
    49 | D        | Reached XP level 24. HP: 173/227 MP: 23/54
    51 | D        | Noticed a tyrant
    56 | D        | Noticed an accursed
    59 | D        | Reached XP level 25. HP: 234/234 MP: 26/54
    60 | D        | Killed a tyrant
    60 | D        | Killed an accursed
    65 | D        | Noticed an accursed
    66 | D        | Noticed a meat beast
    67 | D        | Reached XP level 26. HP: 242/242 MP: 29/54
    69 | D        | Killed a meat beast
    71 | D        | Killed an accursed
    71 | D        | Gained mutation: Your magical and physical power is greatly enhanced at high health. [demonic ancestry]
    71 | D        | Reached XP level 27. HP: 118/249 MP: 30/54
    73 | D        | Noticed a meat beast
    77 | D        | Noticed a large bag of meat
    78 | D        | Noticed a destroyer
    79 | D        | Noticed a destroyer
    79 | D        | HP: 3/249 [large bag of meat/+9 giant spiked club (46)]
    80 | D        | Killed a large bag of meat
    80 | D        | Killed from afar by a large bag of meat

Skill      XL: |  1  2  3  4  5  6  7  8  9 10 11 12 13 14 15 16 17 18 19 20 21 22 23 |
---------------+----------------------------------------------------------------------+-----
Fighting       | 14 16 18 20 21 26 27 | 27.0
Axes           | 18 20 22 24 26 27 | 27.0
Dodging        | 13 15 16 18 19 24 27 | 27.0
Armour         | 9 24 27 | 27.0
Throwing       | 9 15 19 22 26 27 | 27.0
Stealth        | 10 17 20 24 27 | 27.0
Shields        | 10 16 19 22 26 27 | 27.0
Unarmed Combat | 9 15 19 22 26 27 | 27.0
Spellcasting   | 9 15 19 22 26 27 | 27.0
Invocations    | 13 21 25 27 | 27.0

Action                   |  1- 3 |  4- 6 |  7- 9 | 10-12 | 13-15 | 16-18 | 19-21 | 22-24 | 25-27 || total
-------------------------+-------+-------+-------+-------+-------+-------+-------+-------+-------++-------
Melee: Executioner's axe |     1 |       |       |     1 |     2 |     4 |     9 |    10 |     7 ||    34
Armor: Scale mail        |       |       |       |       |       |       |       |     1 |     1 ||     2
Dodge: Dodged            |       |       |       |     1 |       |     1 |     1 |     1 |     1 ||     5
